 Dungeon Crawl Stone Soup version 0.31.0-32-g396128a36d (webtiles) character file.

Game seed: 8549368718085601379

209 FexLirch the Chopper (level 5, -8/37 HPs)
             Began as an Octopode Fighter on Mar 17, 2024.
             Mangled by a gnoll bouda
             ... wielding a +0 whip
              (10 damage)
             ... on level 3 of the Dungeon.
             The game lasted 00:02:29 (2360 turns).

FexLirch the Chopper (Octopode Fighter)             Turns: 2360, Time: 00:02:30

Health: -8/37      AC:  1    Str: 17    XL:     5   Next: 87%
Magic:  5/5        EV: 13    Int: 11    God:
Gold:   227        SH:  4    Dex: 11    Spells: 4/4 levels left

rFire   . . .        a - +0 war axe
rCold   . . .        b - +0 buckler
rNeg    . . .        (helmet restricted)
rPois   .            (no amulet)
rElec   .            (no ring)
rCorr   .            (no ring)
SInv    .            (no ring)
Will    .....        (no ring)
Stlth   ++           (no ring)
HPRegen 0.26/turn    (no ring)
MPRegen 0.09/turn    (no ring)
                     (no ring)

%: no passive effects
@: mighty, weakened
A: almost no armour, amphibious, 8 rings, camouflage 1, gelatinous body 1,
(nimble swimmer 1), tentacles
a: no special abilities


You were on level 3 of the Dungeon.
You visited 1 branch of the dungeon, and saw 3 of its levels.

You collected 227 gold pieces.

Inventory:

Hand Weapons
 a - a +0 war axe (weapon)
Missiles
 d - 15 stones (quivered)
 h - 2 poisoned darts
Armour
 b - a +0 buckler (worn)
Scrolls
 f - 2 scrolls of amnesia {unknown}
 g - 2 scrolls of enchant armour {unknown}
 j - a scroll of brand weapon {unknown}
 k - a scroll of acquirement {unknown}
 m - a scroll of poison {unknown}
 n - a scroll of identify {unknown}
Potions
 c - a potion of might
 e - a potion of magic {unknown}
 i - a potion of curing
 l - a potion of degeneration {unknown}


   Skills:
 + Level 3.8 Fighting
 * Level 4.0 Axes
 + Level 3.8 Dodging
 + Level 3.9 Shields


You had 4 spell levels left.
You didn't know any spells.
Your spell library contained the following spells:

 Spells                   Type           Power      Damage    Failure   Level
 Magic Dart               Conj           0%         1d3       41%         1
 Sandblast                Erth           0%         2d4       41%         1
 Blink                    Tloc           0%         N/A       56%         2
 Call Imp                 Summ           0%         N/A       56%         2
 Passwall                 Erth           0%         N/A       80%         3
 Stone Arrow              Conj/Erth      0%         3d7       80%         3
 Volatile Blastmotes      Fire/Tloc      0%         2d10      80%         3
 Brom's Barrelling Bould  Conj/Erth      0%         2d3       99%         4
 Fulminant Prism          Conj/Alch      0%         3d5       99%         4
 Iskenderun's Mystic Bla  Conj/Tloc      0%         2d3       99%         4


Dungeon Overview and Level Annotations

Branches:
Dungeon (3/15)

Altars:


Innate Abilities, Weirdness & Mutations

You cannot wear most types of armour.
You are amphibious.
You can wear up to eight rings at the same time.
Your skin changes colour to match your surroundings (Stealth+).
Your rubbery body absorbs attacks. (AC +1, EV +1)
((You are camouflaged when in or above water. (Stealth+)))
You have tentacles for arms and can constrict up to eight enemies at once.


Message History

The gnoll bouda hits you with a +0 club!
The gnoll bouda barely misses you.
You hit the gnoll bouda. You squeeze the gnoll bouda.
The gnoll bouda is severely wounded.
You constrict the gnoll bouda.
The gnoll bouda hits you with a +0 club!
* * * LOW HITPOINT WARNING * * *
You hit the gnoll bouda.
You kill the gnoll bouda!
You hit the orc. You grab the orc. You squeeze the orc.
You kill the orc!
You hit the orc. You grab the orc. You squeeze the orc.
You kill the orc!
Your attacks no longer feel as feeble.
Your Axes skill increases to level 4!
The orc attacks as it pursues you! The orc hits you with a +0 dagger.
* * * LOW HITPOINT WARNING * * *
The gnoll bouda gazes fiercely through you!
You feel your attacks grow feeble.
It was a potion of curing.
You feel better. The orc closely misses you.
You feel very mighty all of a sudden. The orc hits you with a +0 dagger.
You closely miss the orc. Your grab misses the orc.
The gnoll bouda is no longer moving quickly.
The orc barely misses you. The orc closely misses you.
You hit the orc but do no damage. You grab the orc. You constrict the orc.
The orc closely misses you.
You slash the orc!
You kill the orc!
The gnoll hits you from afar with a +0 spear.
* * * LOW HITPOINT WARNING * * *
You block the gnoll bouda's attack.
You hit the gnoll bouda. You grab the gnoll bouda.
The gnoll bouda is moderately wounded.
You constrict the gnoll bouda, but do no damage.
The gnoll is no longer moving quickly.
The gnoll hits you from afar with a +0 spear.
* * * LOW HITPOINT WARNING * * *
The gnoll bouda hits you with a +0 whip!
You die...

#################.o.###.......#
#..........# ###o# #.......#
#.#.######.# #.# #)......# #.#.#
#.# #o# #.......# #.#.######.#
#†###.......# #..........#
#g..+.......# #...########
#.###.......#
#...###############.# ###.#####
#..............@gg).# #.#
#.........########### #.######
##............###########.#.†...
#.#.####.###..............#####
###.#.# #.# #.............#.....
....#.# #.# #.............≈.....
.####.# #.# #......####.#≈.≈...§
.# ..# #.# #......# #.#..≈.§≈§§
.# ...# #.# #......# #.#...≈.≈≈≈


You could see a gnoll bouda and a gnoll.

Vanquished Creatures
  A gnoll bouda (D:3)
  6 gnolls
  4 adders
  A dart slug (D:1)
  A ribbon worm (D:2)
  6 orcs (D:3)
  8 endoplasms
  4 giant cockroaches
  3 goblins
  11 hobgoblins
  4 jackals (D:3)
  4 kobolds
  3 quokkas
  3 ball pythons (D:2)
  6 bats
  2 frilled lizards
  4 rats (D:1)
71 creatures vanquished.

Notes
Turn   | Place    | Note
-------+----------+-------------------------------------------
     0 | D:1      | FexLirch the Octopode Fighter began the quest for the Orb.
     0 | D:1      | Reached XP level 1. HP: 16/16 MP: 1/1
   105 | D:1      | Reached XP level 2. HP: 20/21 MP: 2/2
   344 | D:1      | You fall into a shaft and drop 1 floor!
   476 | D:2      | Reached XP level 3. HP: 24/26 MP: 3/3
   939 | D:2      | Reached skill level 3 in Axes
   975 | D:2      | Reached XP level 4. HP: 31/31 MP: 4/4
  1648 | D:3      | Found a faded altar of an unknown god.
  1754 | D:3      | Reached XP level 5. HP: 36/36 MP: 5/5
  2324 | D:3      | Noticed an ogre
  2354 | D:3      | Reached skill level 4 in Axes
  2360 | D:3      | Mangled by a gnoll bouda

Illustrated notes

Levels and vault maps discovered:
D:1:      dpeg_arrival_round_c, layout_basic
D:2:      wad_river_or_something, layout_basic
D:3:      lemuel_castle_with_subvaults [lemuel_castle_interior_original],
          layout_basic, shapermc_ecumenical_altar_starsandcircs,
          amcnicky_mini_pool_small

Skill      XL: |  1  2  3  4  5 |
---------------+----------------+-----
Axes           | 3 4 |  4.0
Fighting       | |  3.8
Dodging        | |  3.8
Shields        | |  3.9

Action                     |  1- 3 |  4- 6 || total
---------------------------+-------+-------++-------
  Melee: War axe           |    56 |    61 ||   117
         Constrict         |    14 |    19 ||    33
         Tentacles         |     5 |    14 ||    19
         Punch             |     1 |       ||     1
  Throw: Stone             |       |     1 ||     1
    Use: Potion            |       |     2 ||     2
   Stab: Sleeping          |     9 |     6 ||    15
         Distracted        |       |     1 ||     1
 Armour: Skin              |    19 |    24 ||    43
  Dodge: Dodged            |    25 |    36 ||    61
  Block: Buckler           |     9 |    11 ||    20
